[ AOE2 MATCH · #507861719 ]
UnrankedMongols vs Tupi
Player's team · LOSS
Rival team · WIN
[ REPLAY ANALYSIS · EXTRACTED FROM THE RECORDED GAME ]
Feudal
8:06
Castle
23:12
Imperial
43:31
| APM avg | 61.9 |
| APM peak | 99 |
| eAPM avg | 27.3 |
| Villagers / military | 144 / 67 |
Focus
⚔️ 35.2% · 🌾 64.8%
Mangudai ×34 · Archer ×10 · Mangonel ×7 · Skirmisher ×6 · Militia ×5 · Scorpion ×5
Feudal
10:30
Castle
15:30
Imperial
37:14
| APM avg | 32.8 |
| APM peak | 57 |
| eAPM avg | 18.9 |
| Villagers / military | 122 / 18 |
Focus
⚔️ 37.0% · 🌾 63.0%
Unknown (2579) ×72 · Unknown (2550) ×15 · Spearman ×11 · Trebuchet (Packed) ×4 · Monk ×3
Match map
Initial resources + every placement click. Lines = walls · curves = elevation contours. ◆ gold · ⬟ stone · ● berries · ✦ relic · ◌ wall gap
Your base· ✓ Closed at 23:12 · 43t walls · no gate
Jhoonas's base· Open — unwalled flank
Smoothed initial terrain · ◌ = detected wall gap · hover for details
Inputs per minute
— Cronos - - Jhoonas
Build order — Cronos
First 150 of 347 actions detected
| 0:00 | Queue | Villager (Male) |
| 0:01 | Build | House |
| 0:02 | Build | House |
| 0:17 | Queue | Villager (Male) |
| 0:18 | Queue | Villager (Male) |
| 0:18 | Queue | Villager (Male) |
| 1:21 | Queue | Villager (Male) |
| 1:21 | Queue | Villager (Male) |
| 1:50 | Queue | Villager (Male) |
| 1:50 | Queue | Villager (Male) |
| 1:52 | Build | Lumber Camp |
| 2:14 | Queue | Villager (Male) |
| 2:15 | Queue | Villager (Male) |
| 3:01 | Queue | Villager (Male) |
| 3:01 | Queue | Villager (Male) |
| 3:23 | Queue | Villager (Male) |
| 3:23 | Queue | Villager (Male) |
| 3:29 | Build | House |
| 3:42 | Queue | Villager (Male) |
| 4:10 | Queue | Villager (Male) |
| 4:10 | Queue | Villager (Male) |
| 4:10 | Queue | Villager (Male) |
| 4:40 | Queue | Villager (Male) |
| 4:40 | Queue | Villager (Male) |
| 4:53 | Build | Barracks |
| 5:13 | Research | Loom |
| 5:23 | Build | House |
| 5:56 | Research | Feudal Age |
| 5:57 | Research | Feudal Age |
| 6:07 | Queue | Militia |
| 6:07 | Queue | Militia |
| 6:07 | Queue | Militia |
| 6:27 | Queue | Militia |
| 6:30 | Build | Mining Camp |
| 6:52 | Queue | Villager (Male) |
| 6:55 | Queue | Militia |
| 7:29 | Queue | Villager (Male) |
| 8:03 | Queue | Villager (Male) |
| 8:06 | Age | Feudal Age |
| 8:13 | Research | Man-at-Arms (upgrade) |
| 8:13 | Research | Man-at-Arms (upgrade) |
| 8:16 | Build | Archery Range |
| 9:07 | Queue | Villager (Male) |
| 9:17 | Queue | Archer |
| 9:33 | Queue | Villager (Male) |
| 9:43 | Queue | Archer |
| 9:45 | Build | House |
| 9:51 | Queue | Villager (Male) |
| 9:51 | Queue | Villager (Male) |
| 10:08 | Queue | Archer |
| 10:10 | Build | Mill |
| 10:18 | Queue | Villager (Male) |
| 10:31 | Queue | Villager (Male) |
| 10:39 | Build | Palisade Wall |
| 10:48 | Build | Palisade Wall |
| 10:50 | Build | Palisade Wall |
| 11:03 | Queue | Archer |
| 11:04 | Queue | Villager (Male) |
| 11:22 | Queue | Archer |
| 11:44 | Queue | Villager (Male) |
| 11:59 | Queue | Archer |
| 12:32 | Queue | Villager (Male) |
| 12:39 | Build | House |
| 12:48 | Build | Farm |
| 12:56 | Build | Blacksmith |
| 13:04 | Queue | Villager (Male) |
| 13:10 | Build | House |
| 13:13 | Build | Palisade Wall |
| 13:20 | Queue | Archer |
| 13:50 | Queue | Villager (Male) |
| 13:51 | Build | Farm |
| 13:52 | Build | Farm |
| 13:56 | Queue | Archer |
| 14:05 | Research | Fletching |
| 14:05 | Research | Fletching |
| 14:07 | Build | House |
| 14:15 | Build | Palisade Wall |
| 14:32 | Build | Palisade Wall |
| 14:42 | Queue | Villager (Male) |
| 14:45 | Build | Farm |
| 15:10 | Queue | Villager (Male) |
| 15:12 | Build | Farm |
| 15:12 | Build | Farm |
| 15:12 | Build | Farm |
| 15:29 | Queue | Archer |
| 15:40 | Build | House |
| 15:52 | Queue | Villager (Male) |
| 15:53 | Build | Farm |
| 15:55 | Build | Palisade Wall |
| 15:57 | Build | Palisade Wall |
| 16:02 | Research | Double-Bit Axe |
| 16:02 | Research | Double-Bit Axe |
| 16:15 | Queue | Villager (Male) |
| 16:18 | Queue | Villager (Male) |
| 16:19 | Build | House |
| 16:28 | Build | House |
| 16:37 | Queue | Villager (Male) |
| 16:47 | Build | Palisade Wall |
| 17:06 | Queue | Villager (Male) |
| 17:06 | Queue | Villager (Male) |
| 17:06 | Queue | Villager (Male) |
| 17:18 | Queue | Villager (Male) |
| 17:28 | Queue | Villager (Male) |
| 17:30 | Build | Farm |
| 17:36 | Build | Farm |
| 17:47 | Queue | Villager (Male) |
| 17:50 | Queue | Skirmisher |
| 17:58 | Queue | Archer |
| 18:06 | Build | Palisade Wall |
| 18:09 | Queue | Villager (Male) |
| 18:19 | Build | Farm |
| 18:39 | Build | Farm |
| 18:41 | Build | Farm |
| 19:01 | Build | Farm |
| 20:22 | Build | Farm |
| 20:30 | Build | Mining Camp |
| 20:32 | Research | Castle Age |
| 20:33 | Research | Castle Age |
| 21:05 | Build | Palisade Wall |
| 21:07 | Build | Lumber Camp |
| 21:29 | Queue | Skirmisher |
| 21:30 | Queue | Villager (Male) |
| 21:51 | Queue | Villager (Male) |
| 21:58 | Queue | Skirmisher |
| 22:06 | Queue | Villager (Male) |
| 22:18 | Queue | Skirmisher |
| 22:20 | Queue | Villager (Male) |
| 22:45 | Research | Padded Archer Armor |
| 22:45 | Research | Padded Archer Armor |
| 22:46 | Queue | Villager (Male) |
| 22:52 | Queue | Skirmisher |
| 22:56 | Queue | Villager (Male) |
| 22:59 | Queue | Villager (Male) |
| 23:11 | Queue | Villager (Male) |
| 23:12 | Age | Castle Age |
| 23:20 | Build | Castle |
| 23:27 | Queue | Villager (Male) |
| 23:37 | Research | Bodkin Arrow |
| 23:37 | Research | Bodkin Arrow |
| 23:48 | Research | Gold Mining |
| 23:50 | Queue | Villager (Male) |
| 23:53 | Build | Farm |
| 23:57 | Research | Bow Saw |
| 23:57 | Research | Bow Saw |
| 23:59 | Queue | Villager (Male) |
| 23:59 | Queue | Villager (Male) |
| 24:12 | Queue | Villager (Male) |
| 24:24 | Queue | Villager (Male) |
| 24:26 | Queue | Mangudai |
| 24:26 | Queue | Mangudai |
Build order — Jhoonas
First 150 of 315 actions detected
| 0:00 | Queue | Villager (Male) |
| 0:01 | Queue | Villager (Male) |
| 0:01 | Queue | Villager (Male) |
| 0:01 | Queue | Villager (Male) |
| 0:03 | Build | House |
| 0:06 | Build | House |
| 1:00 | Queue | Villager (Male) |
| 1:36 | Queue | Villager (Male) |
| 2:10 | Queue | Villager (Male) |
| 2:42 | Queue | Villager (Male) |
| 2:42 | Queue | Villager (Male) |
| 3:10 | Build | Settlement |
| 3:30 | Queue | Villager (Male) |
| 4:03 | Queue | Villager (Male) |
| 4:15 | Queue | Villager (Male) |
| 4:36 | Queue | Villager (Male) |
| 4:44 | Queue | Villager (Male) |
| 5:40 | Build | Settlement |
| 5:46 | Queue | Villager (Male) |
| 5:56 | Queue | Villager (Male) |
| 6:04 | Queue | Villager (Male) |
| 6:42 | Queue | Villager (Male) |
| 6:49 | Research | Loom |
| 6:52 | Queue | Villager (Male) |
| 6:53 | Research | Loom |
| 7:59 | Research | Feudal Age |
| 10:04 | Build | Farm |
| 10:22 | Build | Settlement |
| 10:24 | Queue | Villager (Male) |
| 10:24 | Queue | Villager (Male) |
| 10:30 | Age | Feudal Age |
| 10:38 | Build | Market |
| 12:11 | Build | Blacksmith |
| 12:50 | Research | Castle Age |
| 12:58 | Build | Watch Tower |
| 13:03 | Build | Farm |
| 13:46 | Build | Watch Tower |
| 13:56 | Build | Farm |
| 13:59 | Queue | Villager (Male) |
| 13:59 | Queue | Villager (Male) |
| 14:10 | Build | Farm |
| 15:27 | Queue | Villager (Male) |
| 15:30 | Age | Castle Age |
| 15:45 | Queue | Villager (Male) |
| 16:02 | Queue | Villager (Male) |
| 16:30 | Queue | Villager (Male) |
| 16:33 | Build | Farm |
| 16:43 | Build | Farm |
| 16:46 | Queue | Villager (Male) |
| 17:20 | Build | Farm |
| 17:24 | Queue | Villager (Male) |
| 17:37 | Queue | Villager (Male) |
| 17:39 | Research | Fletching |
| 18:05 | Queue | Villager (Male) |
| 18:46 | Queue | Villager (Male) |
| 19:10 | Build | Castle |
| 19:38 | Build | Castle |
| 19:57 | Queue | Villager (Male) |
| 19:58 | Queue | Villager (Male) |
| 20:18 | Queue | Villager (Male) |
| 20:45 | Queue | Villager (Male) |
| 20:56 | Build | Farm |
| 21:01 | Queue | Villager (Male) |
| 21:10 | Queue | Unit 2579 |
| 21:10 | Queue | Unit 2579 |
| 21:16 | Build | Farm |
| 21:25 | Queue | Unit 2579 |
| 21:27 | Queue | Villager (Male) |
| 21:34 | Queue | Unit 2579 |
| 21:46 | Queue | Unit 2579 |
| 22:05 | Research | Bodkin Arrow |
| 22:05 | Queue | Unit 2579 |
| 22:17 | Queue | Villager (Male) |
| 22:30 | Queue | Unit 2579 |
| 22:34 | Queue | Villager (Male) |
| 22:50 | Queue | Unit 2579 |
| 22:55 | Queue | Unit 2579 |
| 23:03 | Queue | Villager (Male) |
| 23:11 | Build | Settlement |
| 23:13 | Build | Settlement |
| 23:18 | Build | Watch Tower |
| 23:22 | Queue | Villager (Male) |
| 23:23 | Queue | Unit 2579 |
| 23:51 | Queue | Villager (Male) |
| 24:18 | Queue | Villager (Male) |
| 24:23 | Research | Double-Bit Axe |
| 24:37 | Queue | Villager (Male) |
| 25:02 | Queue | Unit 2579 |
| 25:06 | Queue | Villager (Male) |
| 25:34 | Build | Farm |
| 25:35 | Build | Farm |
| 25:36 | Queue | Villager (Male) |
| 25:43 | Queue | Unit 2579 |
| 25:45 | Queue | Villager (Male) |
| 26:14 | Queue | Villager (Male) |
| 26:19 | Build | Farm |
| 26:24 | Build | Farm |
| 26:25 | Build | Farm |
| 26:40 | Queue | Villager (Male) |
| 26:48 | Queue | Villager (Male) |
| 26:59 | Build | Farm |
| 27:00 | Queue | Villager (Male) |
| 27:04 | Build | Farm |
| 27:06 | Build | Farm |
| 27:14 | Queue | Unit 2579 |
| 27:15 | Queue | Unit 2579 |
| 27:36 | Queue | Unit 2579 |
| 27:36 | Queue | Unit 2579 |
| 27:43 | Queue | Villager (Male) |
| 27:48 | Build | Farm |
| 27:49 | Build | Farm |
| 27:51 | Build | Farm |
| 27:56 | Queue | Unit 2579 |
| 28:03 | Queue | Villager (Male) |
| 28:10 | Queue | Villager (Male) |
| 28:12 | Research | Town Watch |
| 28:17 | Research | Bow Saw |
| 28:21 | Research | Horse Collar |
| 28:22 | Queue | Unit 2579 |
| 28:23 | Queue | Unit 2579 |
| 28:27 | Build | University |
| 28:31 | Queue | Villager (Male) |
| 28:35 | Queue | Villager (Male) |
| 28:43 | Build | Farm |
| 28:50 | Queue | Unit 2579 |
| 29:10 | Queue | Unit 2579 |
| 29:11 | Queue | Villager (Male) |
| 29:21 | Build | Watch Tower |
| 29:25 | Build | Settlement |
| 29:32 | Queue | Villager (Male) |
| 29:36 | Research | Ballistics |
| 29:43 | Queue | Unit 2579 |
| 29:49 | Research | Wheelbarrow |
| 30:04 | Queue | Villager (Male) |
| 30:11 | Queue | Villager (Male) |
| 30:27 | Queue | Unit 2579 |
| 30:27 | Queue | Unit 2579 |
| 30:28 | Queue | Villager (Male) |
| 30:37 | Research | Gold Mining |
| 31:14 | Queue | Villager (Male) |
| 31:20 | Build | Farm |
| 31:25 | Build | Town Center |
| 31:31 | Queue | Unit 2579 |
| 31:31 | Queue | Unit 2579 |
| 31:35 | Queue | Villager (Male) |
| 31:47 | Queue | Villager (Male) |
| 31:54 | Queue | Unit 2579 |
| 32:10 | Queue | Villager (Male) |
| 32:12 | Queue | Unit 2579 |
| 32:14 | Queue | Villager (Male) |
Match timeline
| 4:53 | Cronos · first_building Barracks |
| 8:06 | Cronos · age_up feudal |
| 8:16 | Cronos · first_building Archery Range |
| 10:30 | Jhoonas · age_up feudal |
| 10:39 | Cronos · wall_segment Palisade Wall x3 |
| 10:48 | Cronos · wall_segment Palisade Wall x8 |
| 10:50 | Cronos · wall_segment Palisade Wall x16 |
| 12:44 | Jhoonas · first_market_buy 100 food |
| 13:13 | Cronos · wall_segment Palisade Wall x4 |
| 14:15 | Cronos · wall_segment Palisade Wall x5 |
| 14:32 | Cronos · wall_segment Palisade Wall x3 |
| 15:30 | Jhoonas · age_up castle |
| 15:55 | Cronos · wall_segment Palisade Wall x1 |
| 15:57 | Cronos · wall_segment Palisade Wall x1 |
| 16:47 | Cronos · wall_segment Palisade Wall x2 |
| 18:06 | Cronos · wall_segment Palisade Wall x1 |
| 19:10 | Jhoonas · first_building Castle |
| 20:31 | Jhoonas · first_market_sell 100 stone |
| 21:05 | Cronos · wall_segment Palisade Wall x1 |
| 23:12 | Cronos · age_up castle |
| 23:20 | Cronos · first_building Castle |
| 28:33 | Cronos · first_building Stable |
| 31:46 | Cronos · first_market_buy 100 food |
| 32:10 | Cronos · first_building Siege Workshop |
| 32:30 | Jhoonas · first_building Monastery |
| 37:14 | Jhoonas · age_up imperial |
| 39:33 | Cronos · first_market_sell 500 wood |
| 39:43 | Jhoonas · first_building Barracks |
| 43:31 | Cronos · age_up imperial |
| 46:17 | Cronos · resign |
[ AI ANALYSIS · 1 CREDIT ]
What really happened in this match?
Wolo.gg analyzes every decision: build order, eco, micro, common mistakes by bracket. Personalized analysis on WhatsApp or Discord in 30 seconds.
Civ guide
Mongols
Perfil
Jugador #2540215